 Dungeon Crawl Stone Soup version 0.31-a0-876-gfe8ebadbca (webtiles) character file.

Game seed: 1382689271607073797

58 croobank the Sneak (level 4, -6/27 HPs)
             Began as an Octopode Fire Elementalist on Oct 13, 2023.
             Was a Follower of Dithmenos.
             Mangled by Sigmund
             ... wielding a +0 scythe
              (11 damage)
             ... on level 2 of the Dungeon on Oct 14, 2023.
             The game lasted 00:03:59 (1405 turns).

croobank the Sneak (Octopode Fire Elementalist)     Turns: 1405, Time: 00:04:00

Health: -6/27      AC:  1    Str:  7    XL:     4   Next: 1%
Magic:  7/7        EV: 13    Int: 19    God:    Dithmenos [*.....]
Gold:   67         SH:  0    Dex: 12    Spells: 1/7 levels left

rFire   . . .        b - +0 short sword
rCold   . . .        (no shield)
rNeg    . . .        (helmet restricted)
rPois   .            (no amulet)
rElec   .            (no ring)
rCorr   .            (no ring)
SInv    .            (no ring)
Will    .....        (no ring)
Stlth   ++           (no ring)
HPRegen 0.24/turn    (no ring)
MPRegen 0.10/turn    (no ring)
                     (no ring)

%: no passive effects
@: confused, wreathed by umbra
A: almost no armour, amphibious, 8 rings, camouflage 1, gelatinous body 1,
(nimble swimmer 1), tentacles
a: Renounce Religion


You were on level 2 of the Dungeon.
You worshipped Dithmenos.
Dithmenos was aware of your devotion.
You visited 1 branch of the dungeon, and saw 2 of its levels.

You collected 67 gold pieces.

Inventory:

Hand Weapons
 b - a +0 short sword (weapon)
Missiles
 e - 4 poisoned darts
Magical Staves
 f - a staff of poison
Wands
 g - a wand of flame (19)
Scrolls
 c - a scroll of blinking
 d - 2 scrolls of identify
 h - a scroll of torment {unknown}
Potions
 a - 2 potions of magic


   Skills:
 * Level 0.5 Fighting
 + Level 2.5 Dodging
 + Level 3.4 Stealth
 + Level 2.3 Spellcasting
 + Level 1.7 Conjurations
 * Level 0.7 Hexes
 + Level 3.3 Fire Magic


You had one spell level left.
You knew the following spells:

 Your Spells              Type           Power      Damage    Failure   Level
a - Foxfire               Conj/Fire      44%        2x1d6     6%          1
b - Scorch                Fire           28%        2d6       6%          2
c - Inner Flame           Hex/Fire       9%         N/A       22%         3

Your spell library contained the following spells:

 Spells                   Type           Power      Damage    Failure   Level
 Volatile Blastmotes      Fire/Tloc      16%        2d11      26%         3
 Flame Wave               Conj/Fire      11%        2d6       50%         4


Dungeon Overview and Level Annotations

Branches:
Dungeon (2/15)

Altars:
Dithmenos

Annotations:
D:2 Sigmund


Innate Abilities, Weirdness & Mutations

You cannot wear most types of armour.
You are amphibious.
You can wear up to eight rings at the same time.
Your skin changes colour to match your surroundings (Stealth+).
Your rubbery body absorbs attacks. (AC +1, EV +1)
((You are camouflaged when in or above water. (Stealth+)))
You have tentacles for arms and can constrict up to eight enemies at once.


Message History

You kill the ball python!
Dithmenos accepts your kill.
You have reached level 4!
You see here a ball python corpse.
h - a scroll labelled IMEFRO POWN A kobold comes into view.
It is wielding a +0 short sword.
Sigmund the Dreaded comes into view.
He is wielding a +0 scythe.
You closely miss the kobold. Your grab misses the kobold.
The kobold misses you.
You hit the kobold.
You kill the kobold!
Dithmenos accepts your kill.
Sigmund shouts!
Sigmund casts a spell at you. The magic dart hits you.
Sigmund gestures at you while chanting.
You are confused.
You hear a shout!
You bump into the rock wall.
Sigmund points at you and mumbles some strange words.
You are more confused.
You bump into the rock wall.
A hobgoblin comes into view.
Sigmund hits you from afar with a +0 scythe!
Okay, then.
You completely miss Sigmund.
Sigmund gestures wildly while chanting.
Sigmund flickers and vanishes!
Deactivating autopickup; reactivate with Ctrl-A.
You closely miss something. Something hits you!
* * * LOW HITPOINT WARNING * * *
The hobgoblin hits you.
* * * LOW HITPOINT WARNING * * *
You bump into the rock wall.
Something barely misses you. The hobgoblin hits you.
* * * LOW HITPOINT WARNING * * *
You bump into the rock wall.
The hobgoblin hits you but does no damage.
You barely miss something. Something hits you!
You die...

.##..####..##.# ###
...........##.#
###..#####.##.#
##...#####.##.#
##.........##)######
.........####.##...
.........####.##.#
####.............#
#.....####.##@#
#.....# #.##g{...#
####### #...........
############


You could see a hobgoblin.

Vanquished Creatures
  Jessica (D:2)
  A dart slug (D:2)
  4 ball pythons
  A bat (D:1)
  6 endoplasms
  2 giant cockroaches (D:1)
  A goblin (D:1)
  4 hobgoblins (D:1)
  3 kobolds
  4 frilled lizards (D:1)
  A rat (D:1)
28 creatures vanquished.

Vanquished Creatures (others)
  39 foxfires (D:1)
39 creatures vanquished.

Grand Total: 67 creatures vanquished

Notes
Turn   | Place    | Note
-------+----------+-------------------------------------------
     0 | D:1      | croobank the Octopode Fire Elementalist began the quest for
                  | the Orb.
     0 | D:1      | Reached XP level 1. HP: 11/11 MP: 3/3
   133 | D:1      | Reached XP level 2. HP: 17/17 MP: 1/5
   136 | D:1      | Learned a level 2 spell: Scorch
   669 | D:1      | Reached XP level 3. HP: 21/21 MP: 4/6
   673 | D:1      | Learned a level 3 spell: Inner Flame
   696 | D:1      | Found a faded altar of an unknown god.
   779 | D:1      | Prayed at the altar of an unknown god.
   779 | D:1      | Became a worshipper of Dithmenos the Shadowed
   779 | D:1      | Reached * piety under Dithmenos
  1236 | D:2      | Noticed Jessica
  1240 | D:2      | Killed Jessica
  1347 | D:2      | Reached XP level 4. HP: 27/27 MP: 7/7
  1391 | D:2      | Noticed Sigmund
  1405 | D:2      | Mangled by Sigmund

Illustrated notes

Levels and vault maps discovered:
D:1:      dpeg_arrival_long_road, layout_basic,
          hellmonk_ecumenical_altar_run_dry, serial_corexii_hall,
          corexii_hall_statues_l, chequers_hall_statues_wall_a,
          corexii_hall_statues_x, chequers_hall_statues_corner_a,
          corexii_hall_statues_i, corexii_hall_statues_i
D:2:      layout_loops_ring, nrook_loot_triangle, uniq_jessica, uniq_sigmund

Skill      XL: |  1 |
---------------+----+-----
Stealth        | 3 |  3.4
Fighting       | |  0.5
Dodging        | |  2.5
Spellcasting   | |  2.3
Conjurations   | |  1.7
Hexes          | |  0.7
Fire Magic     | |  3.3

Action                     |  1- 3 |  4- 6 || total
---------------------------+-------+-------++-------
  Melee: Unarmed           |    13 |       ||    13
         Tentacles         |     6 |       ||     6
         Constrict         |     7 |       ||     7
         Short sword       |    13 |     5 ||    18
   Cast: Foxfire           |    23 |       ||    23
         Scorch            |     2 |       ||     2
    Use: Scroll            |     2 |       ||     2
   Stab: Sleeping          |     8 |       ||     8
 Armour: Skin              |    15 |     7 ||    22
  Dodge: Dodged            |     6 |     2 ||     8

Table legend: (Time is in decaauts)
 A = Elapsed time spent in this place.
 B = Non-inter-level travel time spent in this place.
 C = Inter-level travel time spent in this place.
 D = Time resting spent in this place.
 E = Time spent auto-exploring this place.
 F = Levels seen in this place.
 G = Mean time per level.
                   A        B        C        D        E       F      G
               +--------+--------+--------+--------+--------+-----+--------+
         Total |   1404 |   1366 |     38 |    214 |    876 |   2 |  702.0 |
       Dungeon |   1404 |   1366 |     38 |    214 |    876 |   2 |  702.0 |
               +--------+--------+--------+--------+--------+-----+--------+

Top non-repeatable levels by time:
     D:1: 1111 daAuts
     D:2: 292 daAuts
